 Dungeon Crawl Stone Soup version 0.20-a0-208-g55166f7 (webtiles) character file.

352 AlphabetPasta the Slasher (level 6, -10/43 HPs)
             Began as a High Elf Fighter on Nov 25, 2016.
             Mangled by an ogre
             ... wielding a +0 giant spiked club
              (17 damage)
             ... on level 4 of the Dungeon.
             The game lasted 00:15:20 (3398 turns).

AlphabetPasta the Slasher (High Elf Fighter)        Turns: 3398, Time: 00:15:21

Health: -10/43     AC: 13    Str: 16    XL:     6   Next: 34%
Magic:  7/7        EV:  8    Int: 12    God:
Gold:   138        SH:  0    Dex: 18    Spells: 5/5 levels left

rFire  . . .     SeeInvis .     s - +1 great sword
rCold  . . .     Gourm    .     p - +0 chain mail {MR+}
rNeg   . . .     Faith    .     (shield currently unavailable)
rPois  .         Spirit   .     (no helmet)
rElec  .         Reflect  .     (no cloak)
rCorr  .         Harm     .     w - +0 pair of gloves
MR     +....                    y - +2 pair of boots
Stlth  ..........               (no amulet)
                                m - +2 ring of dexterity
                                (no ring)

@: no status effects
A: no striking features
a: no special abilities


You were on level 4 of the Dungeon.
You were hungry.

You visited 1 branch of the dungeon, and saw 4 of its levels.

You collected 138 gold pieces.

Inventory:

Hand Weapons
 a - a +1 rapier
 s - a +1 great sword (weapon)
Missiles
 g - 23 arrows
 j - 2 javelins
 r - 2 poisoned javelins (quivered)
Armour
 b - a +1 scale mail
 c - a +0 shield
 h - a +0 buckler
 p - a +0 chain mail of magic resistance (worn)
 w - a +0 pair of gloves (worn)
 y - a +2 pair of boots (worn)
Jewellery
 e - a +3 amulet of reflection {unknown}
 m - a +2 ring of dexterity (right hand)
 n - an uncursed amulet of rage {unknown}
Wands
 A - a wand of flame (19/48)
Scrolls
 i - 2 scrolls of amnesia
 q - a scroll of recharging
 t - a scroll of fog
Potions
 d - a potion of might
 l - 2 potions of cancellation
 o - 2 potions of degeneration {unknown}
 v - a potion of flight {unknown}
 B - a potion of lignification {unknown}
Comestibles
 f - a bread ration
 k - a royal jelly
 u - 2 meat rations
 x - a beef jerky
 z - 6 fruits


   Skills:
 - Level 4.2 Fighting
 - Level 2.4(3.7) Short Blades
 * Level 4.4(4.7) Long Blades
 - Level 3.8 Armour
 + Level 3.0 Dodging
 - Level 2.6 Shields


You had 5 spell levels left.
You didn't know any spells.

Dungeon Overview and Level Annotations

Branches:
Dungeon (4/15)
 Temple: D:4-7

Altars:
Fedhas


Message History

The ogre is moderately wounded.
The ogre hits you with a giant spiked club. x2
You hit the ogre.
The ogre is heavily wounded.
The ogre hits you but does no damage.
You hit the ogre.
The ogre is severely wounded.
The ogre hits you but does no damage.
You hit the ogre.
The ogre is almost dead.
The ogre hits you with a giant spiked club!!
* * * LOW HITPOINT WARNING * * *
You are feeling hungry.
Throwing (i - inventory. (,) - cycle):
r - 3 poisoned javelins (quivered)
Press: ? - help, Shift-Dir - straight line, f - ogre
Aim: an ogre, wielding a giant spiked club (almost dead)
You throw a poisoned javelin.
The poisoned javelin barely misses the ogre.
The ogre hits you with a giant spiked club!
You die...

#.###.............##..#
#...........#.######..#
####...#####.# #..#
##.## #.# #.. #.# #.#
#.. #.# #.# #.#
#.######.# #.#
#......#.# #.#
######.#@# ##.# #.#O##
##.#.# #....###.###..
##.......## #.#
#.........# ...
##....(###.# ###
##...## #.# ##.## ##
###


You could see an ogre.

Vanquished Creatures
  The ghost of Jraekied the Skirmisher, an amateur DsWr (D:3)
  An orc wizard (D:3)
  Natasha (thrice) (D:3)
  Terence (D:2)
  3 adders
  3 worms
  2 dart slugs (D:1)
  A leopard gecko (D:3)
  20 orcs (D:3)
  9 bats
  4 giant cockroaches
  2 goblins
  7 hobgoblins
  13 kobolds
  A quokka (D:2)
  4 ball pythons
  4 frilled lizards
  A leopard gecko skeleton (D:4)
  10 rats
90 creatures vanquished.

Notes
Turn   | Place    | Note
-------+----------+-------------------------------------------
     0 | D:1      | AlphabetPasta the High Elf Fighter began the quest for the Orb.
     0 | D:1      | Reached XP level 1. HP: 16/16 MP: 2/2
   120 | D:1      | Reached XP level 2. HP: 21/21 MP: 3/3
   179 | D:1      | Reached skill level 1 in Dodging
   823 | D:2      | Reached XP level 3. HP: 24/26 MP: 4/4
   853 | D:2      | Noticed Terence
   876 | D:2      | HP: 1/26 [Terence/flail (10)]
  1346 | D:2      | Killed Terence
  1657 | D:2      | Reached XP level 4. HP: 31/33 MP: 5/5
  1893 | D:3      | Reached skill level 1 in Long Blades
  2240 | D:3      | Reached XP level 5. HP: 37/37 MP: 6/6
  2348 | D:3      | Noticed Jraekied's ghost (amateur DsWr)
  2369 | D:3      | Killed Jraekied's ghost
  2527 | D:3      | Found a blossoming altar of Fedhas.
  2754 | D:3      | Noticed Natasha
  2759 | D:3      | Killed Natasha
  2759 | D:3      | Reached XP level 6. HP: 43/43 MP: 7/7
  2895 | D:3      | Noticed Natasha
  2901 | D:3      | Killed Natasha
  3264 | D:3      | Noticed Natasha
  3271 | D:3      | Killed Natasha
  3398 | D:4      | Mangled by an ogre

Vault maps used:
D:1:      sevenhm_arrival_forest_fort_large_4, minmay_strange_pillars
D:2:      minmay_goblin_kobold_house, uniq_terence
D:3:      fedhas_altar_fruit_tree, uniq_natasha
D:4:      grunt_temple_overflow_open, grunt_temple_overflow_cloverleaf

Skill      XL: |  1  2  3  4  5  6 |
---------------+-------------------+-----
Dodging        | 1 2 3 |  3.0
Armour         | 3 |  3.8
Long Blades    | 2 3 4 |  4.4
Fighting       | 4 |  4.2
Short Blades   | |  2.4
Shields        | |  2.6

Action                   |  1- 3 |  4- 6 || total
-------------------------+-------+-------++-------
Melee: Rapier            |    76 |       ||    76
       Great sword       |    11 |   172 ||   183
Throw: Javelin           |    12 |     7 ||    19
  Use: Scroll            |    11 |     4 ||    15
       Potion            |     3 |       ||     3
  Eat: Chunk             |     2 |     6 ||     8
Armor: Scale mail        |    23 |       ||    23
       Chain mail        |    10 |   137 ||   147
Dodge: Dodged            |    28 |    88 ||   116
Block: Shield            |     7 |       ||     7
       Buckler           |    15 |       ||    15
       Rpst.: Great sword |     3 |    24 ||    27
